 Dungeon Crawl Stone Soup version 0.27-a0-1188-g73eefd5def (webtiles) character file.

Game seed: 535573622673110637

760 Glokmah the Bolt Thrower (level 7, -6/60 HPs)
             Began as a Minotaur Hunter on May 22, 2021.
             Was an Initiate of Okawaru.
             Mangled by an ogre
             ... wielding a +0 giant club
              (19 damage)
             ... on level 5 of the Dungeon.
             The game lasted 00:10:21 (6048 turns).

Glokmah the Bolt Thrower (Minotaur Hunter)          Turns: 6048, Time: 00:10:21

Health: -6/60      AC:  4    Str: 17    XL:     7   Next: 51%
Magic:  8/8        EV: 12    Int:  8    God:    Okawaru [......]
Gold:   243        SH:  0    Dex: 12    Spells: 7/9 levels left

rFire    . . .     SeeInvis +   a - +1 hand crossbow (flame)
rCold    . . .     Faith    .   (no shield)
rNeg     . . .     Spirit   .   c - +1 leather armour
rPois    .         Reflect  .   (helmet restricted)
rElec    .         Harm     .   (no cloak)
rCorr    .         Rampage  .   (no gloves)
Will     .....                  (no boots)
Stlth    ++........             (no amulet)
HPRegen  0.20/turn              u - ring of see invisible
MPRegen  0.11/turn              (no ring)

@: studying Stealth
A: horns 2, retaliatory headbutt
a: Renounce Religion


You were on level 5 of the Dungeon.
You worshipped Okawaru.
Okawaru was noncommittal.
You visited 2 branches of the dungeon, and saw 7 of its levels.
You also visited: Sewer.

You collected 243 gold pieces.

Inventory:

Hand Weapons
 a - a +1 hand crossbow of flaming (weapon)
 b - a +0 short sword of holy wrath
Missiles
 d - 14 bolts (quivered ammo)
 m - 71 poisoned darts
Armour
 c - a +1 leather armour (worn)
 o - a +0 ring mail
Jewellery
 u - a ring of see invisible (left hand)
Wands
 k - a wand of iceblast (8)
 s - a wand of mindburst (14)
Scrolls
 f - a scroll of summoning
 h - a scroll of blinking
 j - 3 scrolls of brand weapon
 n - a scroll of enchant armour
 q - a scroll of identify
 t - a scroll of holy word {unknown}
Potions
 e - a potion of heal wounds
 g - a potion of mutation {unknown}
 i - 2 potions of lignification
 l - a potion of attraction {unknown}
 p - 3 potions of curing
 r - a potion of haste {unknown}
 v - a potion of degeneration {unknown}


   Skills:
 + Level 4.8 Fighting
 * Level 7.0 Crossbows
 - Level 2.1 Dodging
 + Level 4.0 Stealth
 + Level 1.6 Spellcasting
 * Level 3.0 Transmutations


You had 7 spell levels left.
You knew the following spells:

 Your Spells              Type           Power      Damage    Failure   Level
a - Wereblood             Tmut           5%         N/A       21%         2

Your spell library contained the following spells:

 Spells                   Type           Power      Damage    Failure   Level
 Beastly Appendage        Tmut           10%        N/A       13%         1
 Animate Skeleton         Necr           0%         N/A       43%         1
 Apportation              Tloc           0%         N/A       43%         1
 Corona                   Hex            0%         N/A       43%         1
 Pain                     Necr           0%         1d4       43%         1
 Summon Small Mammal      Summ           0%         N/A       43%         1
 Ensorcelled Hibernation  Hex/Ice        0%         N/A       56%         2
 Spider Form              Tmut/Pois      1%         N/A       58%         3
 Confusing Touch          Hex            0%         N/A       80%         3
 Dazzling Flash           Conj/Hex       0%         N/A       80%         3
 Tukima's Dance           Hex            0%         N/A       80%         3
 Vampiric Draining        Necr           0%         2d6       80%         3
 Ice Form                 Ice/Tmut       3%         N/A       94%         4
 Hydra Form               Tmut           2%         N/A       98%         5
 Animate Dead             Necr           0%         N/A       99%         4
 Agony                    Necr           0%         N/A       100%        5


Dungeon Overview and Level Annotations

Branches:
Dungeon (6/15)             Temple (1/1) D:4           Sewer (visited)

Altars:
Ashenzari
Cheibriados
Gozag
Hepliaklqana
Kikubaaqudgha
Okawaru
Qazlal
Trog
Uskayaw
Vehumet
Wu Jian
Yredelemnul
Zin
The Shining One

Annotations:
D:4 2 transporters


Innate Abilities, Weirdness & Mutations

You have a pair of horns on your head.
You reflexively headbutt those who attack you in melee.


Message History

The iguana is heavily wounded.
The iguana bites you.
You barely miss the iguana.
The iguana is heavily wounded.
The iguana barely misses you.
You hit the iguana.
The iguana is severely wounded.
The iguana bites you.
You hit the iguana but do no damage. You headbutt the iguana.
The iguana is almost dead.
The iguana barely misses you.
You hit the iguana.
You kill the iguana!
Okawaru accepts your kill.
Your Crossbows skill increases to level 7!
Your Stealth skill increases to level 4!
Your Transmutations skill increases to level 3!
You pick up a book of Cantrips and begin reading...
You add the spells Summon Small Mammal and Apportation to your library.
Found a club.
You see here 13 gold pieces.
You now have 243 gold pieces (gained 13).
The ogre shouts!
The ogre hits you with a +0 giant club!
You hit the ogre. You headbutt the ogre!
The ogre is heavily wounded.
The ogre hits you with a +0 giant club!!
You hit the ogre.
The ogre is heavily wounded.
The ogre hits you with a +0 giant club!
* * * LOW HITPOINT WARNING * * *
You hit the ogre.
The ogre is heavily wounded.
The ogre misses you.
Your +0 short sword of holy wrath stops glowing.
Your +1 hand crossbow of flaming bursts into flame!
a - a +1 hand crossbow of flaming (weapon)
A sky beast comes into view.
The ogre hits you with a +0 giant club!!
You die...

##....# ......# ..
.#....#..# ...#..#..##
.#...#.......
...#.........
.#...#.......
...#...#+##+######+##+###
.#...#..........@...Y...#
...#............O.......#
.#...#..................#
...#....................#
.#...############+#######
...#... ...#...
...+...#.#....
...###.......#


You could see a sky beast and an ogre.

Vanquished Creatures
  A black bear (D:4)
  A centaur (D:6)
  A bullfrog (Sewer)
  A scorpion (D:6)
  A centaur zombie (D:5)
  A bullfrog skeleton (D:6)
  Terence (D:2)
  3 iguanas
  2 orc wizards
  7 adders
  A shadow imp (D:5)
  An ufetubus (D:4)
  2 adder skeletons (D:4)
  3 worms
  2 dart slugs
  7 orcs
  16 ball pythons
  4 bats
  13 endoplasms
  16 giant cockroaches
  6 hobgoblins
  9 jackals
  15 quokkas
  12 frilled lizards
  14 goblins
  4 kobolds
  9 rats
153 creatures vanquished.

Notes
Turn   | Place    | Note
-------+----------+-------------------------------------------
     0 | D:1      | Glokmah the Minotaur Hunter began the quest for the Orb.
     0 | D:1      | Reached XP level 1. HP: 18/18 MP: 0/0
   231 | D:1      | Reached XP level 2. HP: 21/25 MP: 1/1
   398 | D:1      | Reached skill level 5 in Crossbows
   425 | D:1      | Found a faded altar of an unknown god.
   810 | D:1      | Reached XP level 3. HP: 28/31 MP: 2/2
   848 | D:1      | Reached skill level 1 in Stealth
  1681 | D:2      | Noticed Terence
  1692 | D:2      | Killed Terence
  1693 | D:2      | Reached XP level 4. HP: 26/38 MP: 3/3
  1798 | D:2      | Learned a level 2 spell: Wereblood
  2692 | D:3      | Found a glowing drain.
  2701 | Sewer    | Entered a sewer
  2837 | Sewer    | Reached skill level 1 in Transmutations
  2952 | Sewer    | Reached XP level 5. HP: 46/46 MP: 4/4
  3652 | Sewer    | Reached skill level 6 in Crossbows
  3977 | D:3      | Reached XP level 6. HP: 49/52 MP: 6/6
  4523 | D:4      | Reached skill level 1 in Spellcasting
  4675 | D:4      | Found a transporter.
  5144 | D:4      | Found a staircase to the Ecumenical Temple.
  5156 | Temple   | Entered the Ecumenical Temple
  5230 | Temple   | Became a worshipper of Warmaster Okawaru
  5360 | D:4      | Found a transporter.
  5568 | D:5      | Entered Level 5 of the Dungeon
  5690 | D:5      | Reached XP level 7. HP: 42/60 MP: 7/7
  5784 | D:5      | You fall into a shaft and drop 1 floor!
  6010 | D:5      | Reached skill level 7 in Crossbows
  6048 | D:5      | Mangled by an ogre

Illustrated notes

Levels and vault maps discovered:
D:1:      kilobyte_arrival_exit_the_forest, layout_loops_ring,
          ebering_ecumenical_altar_abandoned
D:2:      minmay_general_purpose_star, layout_loops_ring, uniq_terence
D:3:      layout_rooms, gup_sewer_entry_bubbles, hex_tiny,
          kennysheep_nondescript
D:4:      gammafunk_wand_slinger, layout_basic, minmay_temple_entry_antechambers
D:5:      layout_gridville, grunt_temple_overflow_champion_of_chaos,
          serial_glass, glass_columns_a, glass_columns_a,
          ebering_ghost_inner_flame, serial_park_tiny_pond, hex_medium,
          amcnicky_mini_corridor_feature, supply_closet_lemuel
D:6:      layout_loops_ring
Temple:   jpeg_temple_clearing

Skill      XL: |  1  2  3  4  5  6  7 |
---------------+----------------------+-----
Crossbows      | 5 6 7 |  7.0
Fighting       | 3 4 |  4.8
Stealth        | 1 2 3 4 |  4.0
Transmutations | 1 2 3 |  3.0
Spellcasting   | 1 |  1.6
Dodging        | |  2.1

Action                   |  1- 3 |  4- 6 |  7- 9 || total
-------------------------+-------+-------+-------++-------
Melee: Short sword       |    49 |   282 |    24 ||   355
       Headbutt          |     9 |    36 |    10 ||    55
 Fire: Hand crossbow     |    39 |    15 |     3 ||    57
  Use: Scroll            |       |    12 |       ||    12
 Stab: Sleeping          |       |     5 |     1 ||     6
Armor: Leather armour    |    20 |    87 |    11 ||   118
Dodge: Dodged            |    41 |   232 |    24 ||   297

Table legend: (Time is in decaauts)
 A = Elapsed time spent in this place.
 B = Non-inter-level travel time spent in this place.
 C = Inter-level travel time spent in this place.
 D = Time resting spent in this place.
 E = Time spent auto-exploring this place.
 F = Levels seen in this place.
 G = Mean time per level.
                   A        B        C        D        E       F      G
               +--------+--------+--------+--------+--------+-----+--------+
         Total |   6241 |   5871 |    370 |   1111 |   3279 |   8 |  780.1 |
       Dungeon |   4826 |   4470 |    356 |    617 |   2737 |   6 |  804.3 |
        Temple |     89 |     75 |     14 |      0 |     69 |   1 |   89.0 |
         Sewer |   1324 |   1324 |      0 |    494 |    473 |   1 | 1324.0 |
               +--------+--------+--------+--------+--------+-----+--------+

Top non-repeatable levels by time:
     D:2: 1400 daAuts
   Sewer: 1324 daAuts
     D:1: 1196 daAuts
     D:4: 1079 daAuts
     D:3: 766 daAuts
     D:5: 294 daAuts
  Temple: 89 daAuts
     D:6: 88 daAuts
